 Dungeon Crawl Stone Soup version 0.30-a0-1074-g5db6f66fbb (webtiles) character file.

Game seed: 16653371310400835811

19226 retardedninja the Cleaver (level 12, -2/104 HPs)
             Began as a Naga Fighter on Apr 13, 2023.
             Was a High Priest of Hepliaklqana.
             Killed from afar by a wretched star (23 damage)
             ... with a lance of force
             ... on level 2 of the Abyss.
             The game lasted 00:21:58 (14343 turns).

retardedninja the Cleaver (Naga Fighter)           Turns: 14343, Time: 00:21:58

Health: -2/104     AC: 30    Str: 30    XL:     12   Next: 66%
Magic:  12/12      EV:  3    Int:  9    God:    Hepliaklqana [*****.]
Gold:   1003       SH:  6    Dex: 11    Spells: 11/11 levels left

rFire   + . .      SeeInvis +    J - +2 war axe
rCold   + + .      Faith    .    c - +0 buckler
rNeg    . . .      Spirit   .    I - +5 plate armour {Will+}
rPois   +          Reflect  .    C - +0 helmet
rElec   +          Rampage  .    (no cloak)
rCorr   .                        h - +0 pair of gloves
Will    ++...                    i - +5 barding of the Watchman {rElec rF+ rC++ Dex-5} Stlth
                                 (no amulet)
HPRegen 0.37/turn                y - +6 ring of strength
MPRegen 0.13/turn                t - +6 ring of dexterity

@: mighty, invisible, unable to read, very slow
A: reduced essence, AC +4, large, see invisible, deformed body, poison
resistance, slowness 2, spit poison 1, naga tail 1, [inability to read after
injury 2]
a: Spit Poison, Renounce Religion, Recall Ancestor, Ancestor Identity,
Transference, Idealise


You were on level 2 of the Abyss.
You worshipped Hepliaklqana.
Hepliaklqana was extremely pleased with you.
You visited 2 branches of the dungeon, and saw 13 of its levels.
You visited the Abyss 1 time.
You also visited: Bailey.

You collected 1003 gold pieces.

Inventory:

Hand Weapons
 J - a +2 war axe (weapon)
Missiles
 o - a throwing net
Armour
 c - a +0 buckler (worn)
 h - a +0 pair of gloves (worn)
 i - the +5 barding of the Watchman (worn) {rElec rF+ rC++ Dex-5}
   (You acquired it on level 6 of the Dungeon)

   Dex:       It affects your dexterity (-5).
   rF:        It protects you from fire.
   rC:        It greatly protects you from cold.
   rElec:     It insulates you from electricity.
 C - a +0 helmet (worn)
 I - a +5 plate armour of willpower (worn)
Jewellery
 t - a +6 ring of dexterity (right hand)
 v - a ring of protection from fire
 y - a +6 ring of strength (left hand)
 B - a ring of flight
 H - a ring of fire
Wands
 p - a wand of roots (5)
 s - a wand of paralysis (19)
 x - a wand of polymorph (8)
 z - a wand of mindburst (6)
Scrolls
 a - a scroll of amnesia
 l - 2 scrolls of poison
 m - 9 scrolls of teleportation
 n - a scroll of identify
 r - 2 scrolls of blinking
 A - a scroll of fog
Potions
 b - a potion of lignification {unknown}
 e - 2 potions of flight {unknown}
 f - 2 potions of mutation
 g - a potion of magic {unknown}
 j - 7 potions of curing
 k - a potion of attraction
 u - 4 potions of brilliance
 w - 2 potions of heal wounds
 F - a potion of resistance
Miscellaneous
 G - a piece from Xom's chessboard (15/15)


   Skills:
 + Level 9.8 Fighting
 * Level 13.2 Axes
 + Level 8.2 Armour
 + Level 9.0 Shields


You had 11 spell levels left.
You didn't know any spells.
Your spell library contained the following spells:

 Spells                   Type           Power      Damage    Failure   Level
 Magic Dart               Conj           0%         1d3       98%         1
 Call Imp                 Summ           0%         N/A       99%         2
 Searing Ray              Conj           0%         2d4       99%         2
 Call Canine Familiar     Summ           0%         N/A       100%        3
 Frozen Ramparts          Ice            0%         1d1       100%        3
 Inner Flame              Hex/Fire       0%         N/A       100%        3
 Mephitic Cloud           Conj/Pois/Air  0%         N/A       100%        3
 Portal Projectile        Hex/Tloc       0%         N/A       100%        3
 Vhi's Electric Charge    Tloc/Air       0%         N/A       100%        3
 Flame Wave               Conj/Fire      0%         2d4       100%        4
 Fulminant Prism          Conj/Hex       0%         3d5       100%        4
 Ice Form                 Ice/Tmut       0%         N/A       100%        4
 Leda's Liquefaction      Hex/Erth       0%         N/A       100%        4
 Manifold Assault         Tloc           0%         N/A       100%        4
 Sticky Flame             Conj/Fire      0%         2d3       100%        4
 Summon Ice Beast         Ice/Summ       0%         N/A       100%        4
 Arcjolt                  Conj/Air       0%         1d10      100%        5
 Dispersal                Tloc           0%         N/A       100%        6
 Plasma Beam              Fire/Air       0%         2x1d11    100%        6
 Disjunction              Tloc           0%         N/A       100%        8


Dungeon Overview and Level Annotations

Branches:
Dungeon (12/15)            Temple (1/1) D:4            Lair (0/5) D:9
    Orc (0/2) D:10         Bailey (visited)

Altars:
Ashenzari
Cheibriados
Dithmenos
Elyvilon
Fedhas
Gozag
Hepliaklqana
Kikubaaqudgha
Makhleb
Nemelex Xobeh
Okawaru
Qazlal
Ru
Sif Muna
Trog
Uskayaw
Vehumet
Wu Jian
Xom
Yredelemnul
Zin
The Shining One

Shops:
D:1 :*   D:7 =

Annotations:
D:6 2 transporters, HilariousDeathArtist's ghost, novice MiBr
D:7 1 runed translucent door, Crazy Yiuf
D:12 Sonja


Innate Abilities, Weirdness & Mutations

Your life essence is reduced to manifest your ancestor. (-10% HP)
Your serpentine skin is tough. (AC +4)
You have supernaturally acute eyesight. (SInv)
Armour fits poorly on your strangely shaped body.
Your system is resistant to poisons. (rPois)
You cover ground very slowly.
You can spit poison.
You have a snake-like lower body.
[You sometimes lose the ability to read scrolls when taking damage.]


Message History

The starcursed mass attacks as you move away!
The starcursed mass touches you but does no damage.
Your flying skull hits the wretched star.
Your hell hound bites the starcursed mass!
The starcursed mass shudders and is absorbed by its neighbour.
Something touches your hell hound!
The wretched star glows turbulently.
The lance of force hits you but does no damage.
The starcursed mass barely misses your hell hound.
Your hell hound bites the wretched star.
Something touches your hell hound but does no damage.
Unknown command.
You feel much better.
Your hell hound bites the starcursed mass but does no damage.
The wretched star glows turbulently.
The lance of force hits you!
You feel threatened and lose the ability to read scrolls!
You are knocked back by the lance of force.
You collide with your large abomination!
Your large abomination is lightly damaged.
* * * LOW HITPOINT WARNING * * *
Your hell hound barely misses the wretched star.
Your hell hound bites the wretched star.
The starcursed mass touches your hell hound but does no damage.
Something closely misses your hell hound.
You feel very mighty all of a sudden.
Your hell hound bites the wretched star! x2
Your hell hound bites the starcursed mass.
The starcursed mass shudders and is absorbed by its neighbour.
A starcursed mass splits.
Your hell hound bites the wretched star.
Your hell hound completely misses the wretched star.
Something touches your hell hound!
Unknown command.
You closely miss the wretched star.
The wretched star is heavily damaged.
The starcursed mass closely misses your hell hound.
The wretched star glows turbulently.
The lance of force hits you!!
You die...

.# . . ### .##.#
#...###
##z.h#.### ##XhX#
...#+ .#
#X#h##.#......#
#h*@X........###.
. ##Xzz...... .
.... #..#.##.....
#.. .# #..###.#
###.# #. #.#. #.#
# . #..#. ###.. #
#.# .. #' .. .. .
## .# ##


You could see 2 starcursed masses, a wretched star (ally target), a friendly
tentacled starspawn (summoned), a friendly large abomination (summoned), 3
friendly hell hounds and 3 friendly flying skulls.

Vanquished Creatures
  Kirke (D:12)
  Erica (D:8)
  2 centaur warriors
  2 death yaks (D:9)
  A cyclops (D:12)
  Psyche (D:8)
  3 trolls
  A vampire (D:11)
  2 wyverns (D:10)
  A hog (D:12)
  2 yaks (D:9)
  9 vampire mosquitoes (D:11)
  A water moccasin (D:7)
  A black bear (D:4)
  2 sky beasts (D:7)
  6 orc warriors
  An ogre (D:10)
  5 centaurs
  3 phantoms
  6 kobold brigands
  A scorpion (D:7)
  5 gnoll sergeants
  4 wights
  6 killer bees
  3 howler monkeys
  2 electric eels (D:10)
  4 hounds
  2 jellies
  An orc priest (D:4)
  A sleepcap (D:8)
  A hell rat (D:9)
  3 iguanas
  9 orc wizards
  18 gnolls
  5 adders
  A shadow imp (D:6)
  A white imp (D:7)
  An ufetubus (D:5)
  3 dart slugs
  43 orcs
  6 bats
  11 endoplasms
  2 giant cockroaches (D:1)
  9 goblins
  9 hobgoblins
  8 jackals
  22 kobolds
  5 quokkas
  6 ball pythons
  2 frilled lizards
  6 rats
251 creatures vanquished.

Vanquished Creatures (collateral kills)
  A centaur warrior (D:9)
  2 two-headed ogres
  A death yak (D:9)
  An orc knight (Bailey)
  A deep elf pyromancer (Bailey)
  2 manticores (D:11)
  Joseph (D:8)
  A troll (D:10)
  A hornet (D:9)
  A meliai (D:9)
  2 shadows
  3 yaks (D:9)
  A wraith (D:9)
  A basilisk (D:11)
  A hog (D:12)
  2 vampire mosquitoes (D:11)
  A steam dragon (D:7)
  A water moccasin (D:8)
  A black bear (D:7)
  7 orc warriors
  A centaur (D:12)
  An ogre (D:10)
  A bullfrog (D:7)
  3 kobold brigands (D:10)
  Blork the orc (D:6)
  3 gnoll sergeants
  8 wights
  3 killer bees (D:10)
  2 howler monkeys
  2 electric eels (D:10)
  2 orc wizards
  4 gnolls
  8 orcs
  2 hobgoblins (D:9)
  2 quokkas (D:9)
  2 kobolds (D:8)
77 creatures vanquished.

Vanquished Creatures (others)
  A human (D:12)
  A starcursed mass (Abyss:2)
  A centaur (D:12)
  4 battlemagi
7 creatures vanquished.

Grand Total: 335 creatures vanquished

Notes
Turn   | Place    | Note
-------+----------+-------------------------------------------
     0 | D:1      | retardedninja the Naga Fighter began the quest for the Orb.
     0 | D:1      | Reached XP level 1. HP: 21/21 MP: 1/1
   294 | D:1      | Reached XP level 2. HP: 28/28 MP: 2/2
   366 | D:1      | Found Avou's Book Emporium.
   591 | D:1      | Found Liovanov's General Store.
   631 | D:1      | Reached XP level 3. HP: 23/34 MP: 3/3
  1286 | D:2      | Reached skill level 3 in Axes
  1293 | D:2      | Reached XP level 4. HP: 32/42 MP: 4/4
  2334 | D:3      | Reached XP level 5. HP: 29/49 MP: 5/5
  2411 | D:3      | Found a faded altar of an unknown god.
  3155 | D:4      | Reached skill level 4 in Axes
  3237 | D:4      | Reached XP level 6. HP: 45/57 MP: 6/6
  3436 | D:4      | Found a staircase to the Ecumenical Temple.
  3455 | Temple   | Entered the Ecumenical Temple
  3610 | Temple   | Became a worshipper of Hepliaklqana the Forgotten
  3628 | D:4      | Noticed a black bear
  3636 | D:4      | Killed a black bear
  3637 | D:4      | Reached XP level 7. HP: 37/64 MP: 7/7
  4074 | D:5      | Entered Level 5 of the Dungeon
  4084 | D:5      | Reached skill level 5 in Axes
  4320 | D:5      | Reached XP level 8. HP: 21/73 MP: 8/8
  4449 | D:5      | Reached skill level 6 in Axes
  4632 | D:5      | Found an opulent altar of Gozag.
  4898 | D:6      | Reached skill level 5 in Fighting
  5148 | D:6      | Identified a scroll of acquirement
  5148 | D:6      | Acquired the +5 barding of the Watchman {rElec rF+ rC++
                  | Dex-5}
  5177 | D:6      | Reached * piety under Hepliaklqana
  5205 | D:6      | Noticed Blork the orc
  5220 | D:6      | Killed Blork the orc
  5871 | D:6      | Found a transporter.
  5873 | D:6      | Noticed HilariousDeathArtist's ghost (novice MiBr)
  5875 | D:6      | Noticed a two-headed ogre
  5879 | D:6      | Found a transporter.
  5987 | D:7      | Reached skill level 5 in Shields
  6071 | D:7      | Found Vokour's Jewellery Boutique.
  6077 | D:7      | Reached skill level 7 in Axes
  6081 | D:7      | Reached XP level 9. HP: 44/73 MP: 9/9
  6531 | D:7      | Reached skill level 5 in Armour
  6580 | D:7      | Reached ** piety under Hepliaklqana
  6645 | D:7      | Reached skill level 8 in Axes
  6836 | D:7      | Remembered your ancestor Henutemipet as a battlemage
  6914 | D:7      | Found a runed translucent door.
  6915 | D:7      | Noticed Crazy Yiuf
  6943 | D:8      | Noticed Psyche
  6953 | D:8      | Killed Psyche
  6996 | D:8      | Noticed Joseph
  7009 | D:8      | Killed Joseph
  7372 | D:8      | Found a radiant altar of Vehumet.
  7449 | D:8      | Reached skill level 9 in Axes
  7450 | D:8      | Noticed Erica
  7458 | D:8      | Killed Erica
  7459 | D:8      | Reached XP level 10. HP: 46/84 MP: 10/10
  8049 | D:8      | Noticed a two-headed ogre
  8057 | D:8      | Killed a two-headed ogre
  8592 | D:9      | Reached *** piety under Hepliaklqana
  8602 | D:9      | Found a flagged portal.
  8617 | D:9      | Reached skill level 10 in Axes
  8631 | Bailey   | Entered a bailey
  8708 | Bailey   | Noticed an orc knight
  8727 | Bailey   | Killed an orc knight
  8728 | Bailey   | Reached XP level 11. HP: 37/92 MP: 11/11
  9122 | Bailey   | Found a large runed translucent door.
  9122 | Bailey   | Found a large runed translucent door.
  9123 | Bailey   | Noticed a deep elf pyromancer
  9193 | Bailey   | Killed a deep elf pyromancer
  9394 | D:9      | Noticed a centaur warrior
  9407 | D:9      | Killed a centaur warrior
  9408 | D:9      | Reached skill level 11 in Axes
  9992 | D:9      | Found a staircase to the Lair.
 10017 | D:9      | Noticed a death yak
 10020 | D:9      | Noticed a death yak
 10022 | D:9      | Noticed a death yak
 10030 | D:9      | Killed a death yak
 10036 | D:9      | Killed a death yak
 10049 | D:9      | Killed a death yak
 10732 | D:10     | Entered Level 10 of the Dungeon
 11008 | D:10     | Reached **** piety under Hepliaklqana
 11053 | D:10     | Found a staircase to the Orcish Mines.
 11083 | D:10     | Reached skill level 12 in Axes
 12018 | D:10     | Reached XP level 12. HP: 96/102 MP: 12/12
 12301 | D:10     | Found a stormy altar of Qazlal.
 12611 | D:11     | Noticed a centaur warrior
 12615 | D:11     | Identified the +4 rapier "Reoxaera" {speed, rC+ Str+5
                  | Dex-4}
 12623 | D:11     | Killed a centaur warrior
 13421 | D:11     | Noticed a two-headed ogre
 13427 | D:11     | Killed a two-headed ogre
 13655 | D:12     | Noticed a centaur warrior
 13660 | D:12     | Noticed Kirke
 13669 | D:12     | Killed a centaur warrior
 13670 | D:12     | Reached skill level 13 in Axes
 13683 | D:12     | Killed Kirke
 14273 | D:12     | Reached ***** piety under Hepliaklqana
 14288 | D:12     | Noticed Sonja
 14306 | Abyss:2  | Cast into level 2 of the Abyss (Sonja)
 14326 | Abyss:2  | Noticed a starcursed mass
 14332 | Abyss:2  | Noticed a wretched star
 14343 | Abyss:2  | Killed from afar by a wretched star

Illustrated notes

Levels and vault maps discovered:
D:1:      dpeg_arrival_round_b, layout_basic, serial_shops, shop,
          nicolae_shop_stone, minmay_misc_feat_square
D:2:      layout_basic
D:3:      layout_basic, hellmonk_ecumenical_altar_blasted
D:4:      layout_basic, minmay_temple_entry_mini_moons
D:5:      layout_rooms, mainiacjoe_overflow_brackets
D:6:      layout_cave_pools, gammafunk_ghost_smash, wad_woods_river_04,
          uniq_blork_the_orc
D:7:      layout_cave_pools, serial_shops, nicolae_square_shop,
          minmay_misc_feat_ornament, uniq_crazy_yiuf_cottage
D:8:      layout_basic, old_standard_altar, uniq_erica, uniq_joseph, uniq_psyche
D:9:      hangedman_cross_stitches, layout_loops_corners, dpeg_lair_monsters,
          enter_bailey_4
D:10:     layout_basic, nicolae_qazlal_style_of_elements,
          kennysheep_orc_monster_closet_entryway
D:11:     layout_basic
D:12:     layout_roguey, uniq_sonja, uniq_kirke
Temple:   nicolae_temple_bog_church
Abyss:2:  base: D:3, abyss_furniture_001, due_exit_kobolds

Skill      XL: |  1  2  3  4  5  6  7  8  9 10 11 12 |
---------------+-------------------------------------+-----
Shields        | 3 4 5 6 7 8 9 |  9.0
Axes           | 3 4 5 7 9 10 12 13 | 13.2
Armour         | 3 4 5 6 7 8 |  8.2
Fighting       | 4 5 7 8 9 |  9.8

Action                     |  1- 3 |  4- 6 |  7- 9 | 10-12 || total
---------------------------+-------+-------+-------+-------++-------
  Melee: War axe           |    93 |   180 |   262 |   332 ||   867
         Unarmed           |       |       |     1 |       ||     1
 Invoke: Ancestor Life: Ba |       |       |     1 |       ||     1
  Evoke: Wand              |       |       |     1 |     5 ||     6
         Piece from Xom's  |       |       |       |     2 ||     2
    Use: Scroll            |       |       |     8 |    14 ||    22
         Potion            |       |       |     2 |    17 ||    19
   Stab: Distracted        |       |       |     2 |     9 ||    11
 Armour: Scale mail        |     6 |       |       |       ||     6
         Chain mail        |    52 |    67 |       |       ||   119
         Plate armour      |       |    83 |   253 |   456 ||   792
  Dodge: Dodged            |    39 |    43 |    62 |    80 ||   224
  Block: Buckler           |    18 |    63 |    83 |   149 ||   313

Table legend: (Time is in decaauts)
 A = Elapsed time spent in this place.
 B = Non-inter-level travel time spent in this place.
 C = Inter-level travel time spent in this place.
 D = Time resting spent in this place.
 E = Time spent auto-exploring this place.
 F = Levels seen in this place.
 G = Mean time per level.
                   A        B        C        D        E       F      G
               +--------+--------+--------+--------+--------+-----+--------+
         Total |  17519 |  16922 |    597 |   3381 |  11003 |  15 | 1167.9 |
       Dungeon |  16518 |  15962 |    556 |   3062 |  10617 |  12 | 1376.5 |
        Temple |    236 |    196 |     40 |      0 |    175 |   1 |  236.0 |
         Abyss |     42 |     42 |      0 |      0 |      4 |   1 |   42.0 |
        Bailey |    721 |    721 |      0 |    318 |    206 |   1 |  721.0 |
               +--------+--------+--------+--------+--------+-----+--------+

Top non-repeatable levels by time:
     D:9: 2244 daAuts
     D:8: 1956 daAuts
    D:10: 1674 daAuts
     D:1: 1568 daAuts
     D:2: 1457 daAuts
    D:11: 1366 daAuts
     D:4: 1327 daAuts
     D:6: 1278 daAuts
     D:7: 1144 daAuts
     D:5: 990 daAuts
    D:12: 790 daAuts
  Bailey: 721 daAuts
     D:3: 720 daAuts
  Temple: 236 daAuts
 Abyss:2: 42 daAuts
